 Dungeon Crawl Stone Soup version 0.26.1-11-gd32895ea62 (webtiles) character file.

Game seed: 15945682043514221310

1909 raph the Geomancer (level 8, -4/44 HPs)
             Began as a Deep Elf Earth Elementalist on Apr 24, 2021.
             Was a Believer of Vehumet.
             Slain by a wraith (10 damage)
             ... on level 5 of the Dungeon.
             The game lasted 00:23:51 (12007 turns).

raph the Geomancer (Deep Elf Earth Elementalist)   Turns: 12007, Time: 00:23:51

Health: -4/44      AC:  7    Str:  5    XL:     8   Next: 94%
Magic:  7/20       EV: 14    Int: 23    God:    Vehumet [**....]
Gold:   365        SH:  4    Dex: 15    Spells: 5/20 levels left

rFire    . . .     SeeInvis .   q - +1 whip (pain)
rCold    . . .     Faith    .   w - +0 buckler
rNeg     . . .     Spirit   .   c - +0 robe
rPois    .         Reflect  .   h - +2 helmet
rElec    .         Harm     .   t - scarf {shadows}
rCorr    .         Rampage  .   (no gloves)
Will     .....                  m - +1 pair of boots
Stlth    ++........             (no amulet)
HPRegen  0.14/turn              (no ring)
MPRegen  0.17/turn              (no ring)

@: slowed, very slow
A: no striking features
a: Renounce Religion


You were on level 5 of the Dungeon.
You worshipped Vehumet.
Vehumet was pleased with you.
You visited 1 branch of the dungeon, and saw 7 of its levels.

You collected 365 gold pieces.

Inventory:

Hand Weapons
 a - a +1 dagger
 o - a +0 quarterstaff
 q - a +1 whip of pain (weapon)
Missiles
 b - 20 stones
 k - 2 throwing nets
Armour
 c - a +0 robe (worn)
 h - a +2 helmet (worn)
 m - a +1 pair of boots (worn)
 t - a scarf of shadows (worn)
 w - a +0 buckler (worn)
Wands
 u - a wand of flame (6)
Scrolls
 e - 2 scrolls of amnesia
 f - 2 scrolls of remove curse
 n - 5 scrolls of enchant weapon
 v - a scroll of fog
Potions
 d - 2 potions of magic
 g - 2 potions of flight
 i - 3 potions of curing
 j - a potion of ambrosia
 l - 2 potions of lignification {unknown}
 p - a potion of heal wounds {unknown}
 r - a potion of berserk rage {unknown}
 s - a potion of haste {unknown}


   Skills:
 + Level 2.2 Fighting
 + Level 4.3 Dodging
 - Level 2.4 Stealth
 * Level 1.0 Shields
 - Level 6.8 Spellcasting
 - Level 1.9 Conjurations
 - Level 1.1 Transmutations
 * Level 10.6 Earth Magic


You had 5 spell levels left.
You knew the following spells:

 Your Spells              Type           Power        Failure   Level
a - Sandblast             Erth           56%          1%          1
b - Passwall              Tmut/Erth      14%          1%          2
c - Stone Arrow           Conj/Erth      36%          2%          3
d - Lee's Rapid Deconstr  Erth           14%          4%          5
e - Animate Skeleton      Necr           6%           12%         1
f - Summon Small Mammal   Summ           12%          12%         1
g - Foxfire               Conj/Fire      24%          8%          1
h - Apportation           Tloc           6%           12%         1

Your spell library contained the following spells:

 Spells                   Type           Power        Failure   Level
 Searing Ray              Conj           16%          8%          2
 Petrify                  Tmut/Erth      17%          10%         4
 Corona                   Hex            3%           12%         1


Dungeon Overview and Level Annotations

Branches:
Dungeon (7/15)             Temple (0/1) D:6

Altars:
Gozag
Hepliaklqana
Okawaru
Sif Muna
Trog
Vehumet
Xom
Yredelemnul

Annotations:
D:5 Prince Ribbit


Message History

The wraith barely misses you. The wraith hits you.
* * * LOW HITPOINT WARNING * * *
The wraith drains your vigour!
You feel as though you will be slow longer.
The wraith hits you but does no damage. You block the wraith's attack.
The wraith misses you.
You see here a +0 mace.
The wraith misses you.
There is a stone staircase leading up, spattered with blood here.
The wraith hits you.
* * * LOW HITPOINT WARNING * * *
The wraith drains your vigour!
You feel as though you will be slow longer.
You climb upwards.
Level annotation: Prince Ribbit
There is a stone staircase leading down, spattered with blood here.
The wraith hits you!
You die...

#...........###
###...........#_###
#.............#'#..
#.#.............###
#.#............## #
#.#.........z..# #
#.######.##.#######
#>W...).......)....
##@..######.#######
#...# #.# # #...#
#.# # #..[# #.# #
#...# #.# # #...#
#.# # #...# #.# #
#...# #.# #
##################.#
#


You could see a wraith.

Vanquished Creatures
  An orc warrior (D:6)
  A hornet zombie (D:6)
  2 ogres
  4 centaurs
  A bullfrog (D:6)
  A scorpion (D:5)
  A howler monkey (D:4)
  3 wights
  2 jellies
  A bullfrog zombie (D:5)
  A centaur zombie (D:6)
  5 orc priests
  A bullfrog skeleton (D:4)
  3 iguanas
  4 orc wizards
  3 worker ants
  16 adders
  A river rat (D:4)
  A shadow imp (D:5)
  2 white imps (D:6)
  2 ufetubi (D:5)
  4 adder skeletons
  An adder zombie (D:6)
  6 worms
  2 dart slugs
  3 leopard geckos
  32 orcs
  4 giant cockroaches
  4 goblins
  8 hobgoblins
  11 jackals
  3 quokkas
  4 ball pythons
  5 bats
  6 frilled lizards
  8 kobolds
  A quokka zombie (D:6)
  8 rats
166 creatures vanquished.

Vanquished Creatures (collateral kills)
  A centaur skeleton (D:4)
  An adder skeleton (D:4)
  An orc (D:4)
  A ball python (D:4)
4 creatures vanquished.

Vanquished Creatures (others)
  28 foxfires (D:6)
  6 withered plants
34 creatures vanquished.

Grand Total: 204 creatures vanquished

Notes
Turn   | Place    | Note
-------+----------+-------------------------------------------
     0 | D:1      | raph the Deep Elf Earth Elementalist began the quest for
                  | the Orb.
     0 | D:1      | Reached XP level 1. HP: 10/10 MP: 6/6
   397 | D:1      | Reached XP level 2. HP: 8/15 MP: 6/8
   525 | D:1      | Learned a level 2 spell: Passwall
  1035 | D:1      | Reached skill level 4 in Earth Magic
  1376 | D:2      | Found a basalt altar of Yredelemnul.
  1392 | D:2      | Found an iron altar of Okawaru.
  1488 | D:2      | Found an opulent altar of Gozag.
  1680 | D:2      | Reached XP level 3. HP: 19/19 MP: 8/10
  1752 | D:2      | Learned a level 3 spell: Stone Arrow
  2174 | D:2      | Found a shimmering altar of Xom.
  2714 | D:3      | Found a glowing drain.
  2857 | D:3      | Reached XP level 4. HP: 24/24 MP: 6/12
  2923 | D:3      | Reached skill level 1 in Conjurations
  2923 | D:3      | Reached skill level 5 in Earth Magic
  3150 | D:3      | Found a radiant altar of Vehumet.
  3158 | D:3      | Became a worshipper of Vehumet
  3357 | D:3      | Reached XP level 5. HP: 28/28 MP: 6/13
  3368 | D:3      | Learned a level 5 spell: Lee's Rapid Deconstruction
  3603 | D:3      | Found a bloodstained altar of Trog.
  3841 | D:3      | Learned a level 1 spell: Animate Skeleton
  4948 | D:4      | Reached skill level 6 in Earth Magic
  5037 | D:4      | Reached XP level 6. HP: 32/32 MP: 5/14
  5043 | D:4      | Reached * piety under Vehumet
  5043 | D:4      | Offered knowledge of Shock by Vehumet.
  5131 | D:4      | Reached skill level 7 in Earth Magic
  5489 | D:4      | Learned a level 1 spell: Summon Small Mammal
  5748 | D:4      | Reached skill level 8 in Earth Magic
  5748 | D:4      | Reached XP level 7. HP: 36/36 MP: 8/15
  6440 | D:5      | Entered Level 5 of the Dungeon
  6587 | D:5      | Offered knowledge of Foxfire by Vehumet.
  6887 | D:5      | Noticed Prince Ribbit
  7207 | D:5      | Found a shimmering blue altar of Sif Muna.
  7214 | D:5      | Reached skill level 5 in Spellcasting
  7214 | D:5      | Reached skill level 9 in Earth Magic
  7646 | D:5      | Reached ** piety under Vehumet
  7905 | D:5      | Found a hazy altar of Hepliaklqana.
  8942 | D:5      | Reached XP level 8. HP: 18/41 MP: 16/18
  9612 | D:5      | Learned a level 1 spell: Foxfire
  9692 | D:6      | Reached skill level 1 in Fighting
  9723 | D:6      | Learned a level 1 spell: Apportation
  9808 | D:5      | Identified Sif Muna's Catalogue of Earth (You found it on
                  | level 5 of the Dungeon)
  9922 | D:6      | Reached skill level 10 in Earth Magic
 10613 | D:6      | Found a staircase to the Ecumenical Temple.
 11961 | D:7      | Offered knowledge of Searing Ray by Vehumet.
 11967 | D:7      | Reached skill level 1 in Shields
 12007 | D:5      | Slain by a wraith

Illustrated notes

Levels and vault maps discovered:
D:1:      dpeg_arrival_brainrot, layout_basic, serial_bayou_lagoon_a
D:2:      layout_loops_ring, lemuel_doored_altar, yredelemnul_altar_generic,
          general_overflow_altar, eino_tiny_chamber, serial_bayou_pond_e,
          chequers_arboretum, grunt_gozag_statues
D:3:      layout_basic, lemuel_crystal_altar, old_standard_altar,
          cheibrodos_sewer_entry_bend, serial_co_window_serial,
          co_window_paths_b, co_window_paths_b, co_window_paths_a,
          co_window_paths_b, co_window_paths_a, co_window_of_opportunity_b,
          co_window_broadway_a, co_window_2corner, co_window_4corner_b,
          co_window_4corner_a, glass_columns_a, glass_columns_a,
          glass_columns_a, glass_columns_b, kennysheep_flooded_box
D:4:      layout_cave_pods, portal_sewer_entry_e
D:5:      minmay_chambers_of_threes, layout_basic, led_sif_book,
          kennysheep_mini, uniq_prince_ribbit1
D:6:      layout_layer_cave, temple_doors_cd, serial_undead, serial_undead_c,
          serial_undead_d, serial_undead_e, serial_undead_f
D:7:      hangedman_cross_stitches, layout_rooms, serial_shops,
          nicolae_shop_trees

Skill      XL: |  1  2  3  4  5  6  7  8 |
---------------+-------------------------+-----
Earth Magic    | 4 5 6 8 9 10 | 10.6
Spellcasting   | 4 5 6 |  6.8
Conjurations   | 1 |  1.9
Dodging        | 4 |  4.3
Fighting       | 2 |  2.2
Shields        | 1 |  1.0
Stealth        | |  2.4
Transmutations | |  1.1

Action                   |  1- 3 |  4- 6 |  7- 9 || total
-------------------------+-------+-------+-------++-------
Melee: Dagger            |    25 |     8 |    15 ||    48
 Cast: Sandblast         |    43 |    39 |    40 ||   122
       Passwall          |     5 |     4 |     3 ||    12
       Stone Arrow       |     8 |    36 |    61 ||   105
       Animate Skeleton  |       |     2 |     4 ||     6
       Lee's Rapid Decon |       |     1 |    25 ||    26
       Foxfire           |       |       |    14 ||    14
       Apportation       |       |       |     7 ||     7
  Use: Scroll            |     5 |     5 |     4 ||    14
 Stab: Sleeping          |     3 |     5 |     1 ||     9
Armor: Robe              |    15 |     7 |    26 ||    48
Dodge: Dodged            |    28 |    19 |    49 ||    96
Block: Buckler           |       |       |     8 ||     8
